 Dungeon Crawl Stone Soup version 0.22-a0-614-g34fbaa0 (webtiles) character file.

9142 CanOfBees the Grappler (level 11, -4/97 HPs)
             Began as a Ghoul Monk on July 12, 2018.
             Was the Champion of Okawaru.
             Slain by a two-headed ogre
             ... wielding a +0 giant club
              (20 damage)
             ... on level 9 of the Dungeon.
             The game lasted 00:19:16 (8402 turns).

CanOfBees the Grappler (Ghoul Monk)                 Turns: 8402, Time: 00:19:17

Health: -4/97      AC: 14    Str: 19    XL:     11   Next: 41%
Magic:  11/13      EV: 11    Int:  5    God:    Okawaru [******]
Gold:   535        SH:  6    Dex: 11    Spells: 10/10 levels left

rFire    . . .     SeeInvis .     - Unarmed
rCold    + + .     Gourm    .   j - +0 buckler
rNeg     + + +     Faith    +   H - +0 plate armour
rPois    ∞         Spirit   .   (no helmet)
rElec    .         Reflect  .   (no cloak)
rCorr    .         Harm     .   (no gloves)
MR       .....                  D - +0 pair of boots
Stlth    ..........             r - amulet of faith
HPRegen  0.00/turn              K - ring of protection from cold
MPRegen  0.13/turn              (no ring)

@: heroism, rotting
A: rotting body, claws 1, carnivore, cold resistance 1, negative energy
resistance 3, inhibited regeneration, torment resistance, unbreathing
a: Heroism, Finesse, Renounce Religion


You were on level 9 of the Dungeon.
You worshipped Okawaru.
Okawaru was exalted by your worship.
You were not hungry.

You visited 2 branches of the dungeon, and saw 10 of its levels.
You also visited: Sewer.

You collected 535 gold pieces.

Inventory:

Hand Weapons
 E - a +0 falchion
Missiles
 c - 182 stones
 m - 2 tomahawks
 o - 41 poisoned needles
 q - 98 sling bullets
 F - 6 needles of confusion
 J - 5 tomahawks of returning (quivered)
Armour
 j - a +0 buckler (worn)
 D - a +0 pair of boots (worn)
 H - a +0 plate armour (worn)
Jewellery
 r - an amulet of faith (around neck)
 K - a ring of protection from cold (left claw)
Wands
 x - a wand of iceblast (6)
Scrolls
 d - 2 scrolls of immolation
 e - 11 scrolls of remove curse
 i - a scroll of amnesia
 k - 4 scrolls of teleportation
 l - 2 scrolls of fear
 n - a scroll of blinking
 s - 2 scrolls of enchant armour
 t - 2 scrolls of enchant weapon
 y - a scroll of fog {unknown}
 B - a scroll of summoning {unknown}
 C - 2 scrolls of magic mapping
 L - a scroll of identify
Potions
 a - 4 potions of heal wounds
 g - 3 potions of curing {unknown}
 h - 2 potions of might {unknown}
 p - a potion of flight {unknown}
 u - 2 potions of lignification {unknown}
 v - a potion of brilliance {unknown}
 w - 3 potions of haste {unknown}
 z - a potion of ambrosia {unknown}
 A - a potion of berserk rage {unknown}
 G - a potion of mutation {unknown}
 I - 2 potions of agility {unknown}
 M - a potion of resistance {unknown}
Comestibles
 b - 17 rations


   Skills:
 + Level 9.3(14.3) Fighting
 - Level 3.0(8.0) Armour
 + Level 7.8(12.8) Dodging
 - Level 2.1(7.1) Stealth
 + Level 3.9(8.9) Shields
 * Level 12.4(17.4) Unarmed Combat
 - Level 5.0 Invocations


You had 10 spell levels left.
You didn't know any spells.
Your spell library contained the following spells:

 Spells                   Type           Power        Failure   Level  Hunger
 Cause Fear               Hex            #.........   100%        4    #####..
 Slow                     Hex            #.......     100%        2    ###....
 Confuse                  Hex            #.......     100%        3    ####...
 Throw Frost              Conj/Ice       #.....       100%        2    ###....
 Freeze                   Ice            #...         100%        1    ##.....
 Summon Ice Beast         Ice/Summ       #.......     100%        4    #####..
 Ozocubu's Armour         Chrm/Ice       #.......     100%        3    ####...
 Stone Arrow              Conj/Erth      #.....       100%        3    ####...
 Throw Icicle             Conj/Ice       #.......     100%        4    #####..
 Confusing Touch          Hex            #.....       100%        1    ##.....
 Passwall                 Tmut/Erth      #.......     100%        2    ###....
 Metabolic Englaciation   Hex/Ice        #.........   100%        5    ######.
 Corona                   Hex            #......      100%        1    ##.....
 Lee's Rapid Deconstruct  Erth           #.........   100%        5    ######.
 Sandblast                Erth           #.....       100%        1    ##.....
 Portal Projectile        Hex/Tloc       #.....       100%        3    ####...
 Petrify                  Tmut/Erth      #.......     100%        4    #####..
 Leda's Liquefaction      Hex/Erth       #.........   100%        4    #####..
 Inner Flame              Hex/Fire       #.......     100%        3    ####...
 Gell's Gravitas          Tloc           #.........   100%        3    ####...
 Yara's Violent Unravell  Hex/Tmut       #.........   100%        5    ######.


Dungeon Overview and Level Annotations

Branches:
Dungeon (9/15)             Temple (1/1) D:5            Lair (0/6) D:9
    Orc (0/2) D:9

Altars:
Dithmenos
Elyvilon
Fedhas
Hepliaklqana
Okawaru
Qazlal
Ru
Sif Muna
Trog
Uskayaw
Vehumet
Wu Jian
Xom
Zin
The Shining One

Shops:
D:4 (   D:8 [

Annotations:
D:9 1 runed door


Innate Abilities, Weirdness & Mutations

Your body is rotting away.
You thrive on raw meat.
You are immune to poison.
You have sharp fingernails.
You are carnivorous and can eat meat at any time.
Your flesh is cold resistant. (rC+)
You are immune to negative energy. (rN+++)
You do not regenerate when monsters are visible.
You are immune to unholy pain and torment.
You can survive without breathing.


Message History

The hound bites you.
The two-headed ogre hits you with a giant club!!
You block the two-headed ogre's attack.
You mangle the two-headed ogre!!
The two-headed ogre is severely wounded.
The hound bites you but does no damage.
You claw the two-headed ogre!
The two-headed ogre is almost dead.
The hound bites you but does no damage. The two-headed ogre barely misses you.
The two-headed ogre hits you with a giant club!
* * * LOW HITPOINT WARNING * * *
You claw the two-headed ogre!
The two-headed ogre is almost dead.
The hound bites you.
* * * LOW HITPOINT WARNING * * *
The hound bites you.
* * * LOW HITPOINT WARNING * * *
You gain the combat prowess of a mighty hero.
The two-headed ogre hits you with a giant club!!
You die...

,,,,*,,,,,,*,,,,,,,,,,,,#......#.
,,,,*,,,,,,#....,,......#......#.
*****,,,,,,#....,,......#......#.
,,,,,,,,,,,#....,,......#......#.
,,,,*******#....##......#......#.
,,,,*,,,,,,#....#.......#......#.
,,,,*,,,,,,#....#.......#......#.
,,,,+,,,,,,#...O#.......#......#.
,,,,*,,,,,,#...h@.......#......#.
,,,,*,,,,,,#....#.......#....>.#.
,,,,***+***#....#.......#......#.
,,,,*,,,,,,#....#.......#......#.
,,,,*,,,,,,##+####'######'######.
,,,,*,,,,,,...............#.<....
,,,,*,,,,,,..............<#......
,,,,*,,,,,,...............#......
,,,,*,,,,,,...............#......


You could see a two-headed ogre and a hound.

Vanquished Creatures
  3 two-headed ogres
  A troll (D:9)
  A hippogriff (D:8)
  A spriggan (D:7)
  11 yaks
  A basilisk (D:9)
  A hungry ghost (D:7)
  3 porcupines (D:9)
  An ice beast (D:8)
  5 sky beasts
  A phantom (D:9)
  2 black bears
  9 ogres
  A centaur (D:6)
  2 crocodiles (D:9)
  6 bullfrogs
  4 big kobolds (Sewer)
  3 scorpions
  8 killer bees
  A wight (D:4)
  2 howler monkeys
  4 crimson imps
  2 quasits
  A bullfrog zombie (D:5)
  4 orc priests
  5 hounds
  3 orc wizards (D:6)
  2 bullfrog skeletons
  2 jellies
  Ijyb (D:4)
  Jessica (D:2)
  An iguana (D:9)
  9 worker ants
  A hound zombie (D:8)
  A hound skeleton (D:7)
  A worker ant zombie (D:8)
  8 gnolls
  15 adders
  3 river rats
  4 shadow imps
  4 oozes
  An adder zombie (D:9)
  An adder skeleton (D:5)
  10 worms
  A dart slug (D:1)
  5 leopard geckos
  17 orcs
  6 bats
  6 giant cockroaches
  8 goblins
  9 hobgoblins
  12 jackals
  7 quokkas
  7 ball pythons
  A ball python skeleton (D:4)
  4 frilled lizards
  3 jackal skeletons
  14 kobolds
  A quokka zombie (D:5)
  12 rats
264 creatures vanquished.

Vanquished Creatures (others)
  4 plants (D:9)
4 creatures vanquished.

Grand Total: 268 creatures vanquished

Notes
Turn   | Place    | Note
-------+----------+-------------------------------------------
     0 | D:1      | CanOfBees the Ghoul Monk began the quest for the Orb.
     0 | D:1      | Reached XP level 1. HP: 19/19 MP: 0/0
   325 | D:1      | Reached XP level 2. HP: 23/26 MP: 1/1
   456 | D:1      | Reached skill level 4 in Unarmed Combat
   456 | D:1      | Reached XP level 3. HP: 31/31 MP: 2/2
  1080 | D:2      | Reached XP level 4. HP: 37/40 MP: 3/3
  1128 | D:2      | HP: 2/40 [gnoll (7)]
  1647 | D:2      | Reached XP level 5. HP: 45/46 MP: 4/4
  1719 | D:2      | Noticed Jessica
  1733 | D:2      | Reached skill level 5 in Unarmed Combat
  1748 | D:2      | Killed Jessica
  2663 | D:3      | Reached XP level 6. HP: 53/53 MP: 5/5
  2844 | D:4      | Reached skill level 6 in Unarmed Combat
  2871 | D:4      | Found Joat's Antique Weapon Shop.
  2908 | D:3      | Reached skill level 5 in Fighting
  2977 | D:4      | Reached XP level 7. HP: 49/61 MP: 6/6
  3142 | D:4      | Reached skill level 7 in Unarmed Combat
  3242 | D:4      | Noticed Ijyb
  3253 | D:4      | Killed Ijyb
  3442 | D:4      | Reached XP level 8. HP: 44/70 MP: 7/7
  3731 | D:5      | Entered Level 5 of the Dungeon
  3828 | D:5      | Reached skill level 5 in Dodging
  3878 | D:4      | Reached skill level 8 in Unarmed Combat
  3977 | D:5      | Reached skill level 1 in Armour
  4147 | D:5      | Found a staircase to the Ecumenical Temple.
  4215 | Temple   | Entered the Ecumenical Temple
  4237 | Temple   | Became a worshipper of Warmaster Okawaru
  4237 | Temple   | Reached * piety under Okawaru
  4237 | Temple   | Reached ** piety under Okawaru
  4677 | D:6      | Reached skill level 1 in Invocations
  4681 | D:6      | Reached skill level 9 in Unarmed Combat
  4681 | D:6      | Reached XP level 9. HP: 65/78 MP: 8/8
  4847 | D:6      | Found a glowing drain.
  4860 | Sewer    | Entered a sewer
  5546 | D:6      | Found a stormy altar of Qazlal.
  5723 | D:6      | Reached *** piety under Okawaru
  5863 | D:6      | Found a deep blue altar of Sif Muna.
  6214 | D:7      | You fall through a shaft for 2 floors!
  6253 | D:7      | Reached skill level 10 in Unarmed Combat
  6333 | D:7      | Reached XP level 10. HP: 76/88 MP: 11/11
  6587 | D:8      | Reached **** piety under Okawaru
  6853 | D:8      | Found Seaxuxy's Antique Armour Boutique.
  6895 | D:8      | Noticed a two-headed ogre
  6902 | D:8      | Killed a two-headed ogre
  6902 | D:8      | Received a gift from Okawaru
  6902 | D:8      | Reached skill level 1 in Shields
  6902 | D:8      | Reached skill level 11 in Unarmed Combat
  7211 | D:8      | Reached skill level 5 in Invocations
  7268 | D:9      | Reached ***** piety under Okawaru
  7656 | D:9      | Found a staircase to the Lair.
  7665 | D:9      | Noticed a two-headed ogre
  7987 | D:9      | Reached XP level 11. HP: 93/93 MP: 5/13
  7991 | D:9      | Killed a two-headed ogre
  7991 | D:9      | Reached skill level 12 in Unarmed Combat
  8057 | D:9      | Noticed a two-headed ogre
  8063 | D:9      | Reached ****** piety under Okawaru
  8074 | D:9      | Killed a two-headed ogre
  8104 | D:9      | Found a runed door.
  8105 | D:9      | Found a glowing golden altar of the Shining One.
  8105 | D:9      | Noticed an angel
  8386 | D:9      | Noticed a two-headed ogre
  8402 | D:9      | Slain by a two-headed ogre

Vault maps used:
D:1:      eino_arrival_cavern_e, serial_forest, infiniplex_forest_clump_long,
          infiniplex_forest_side_room, infiniplex_forest_clump_tiny,
          infiniplex_forest_lined_2, infiniplex_forest_straight_5,
          infiniplex_forest_lined_2, infiniplex_forest_clump_diagonal,
          hangedman_feature_mirror
D:2:      uniq_jessica
D:4:      serial_shops, nicolae_shop_temple_entry_statues_fountains,
          nzn_random_ring, uniq_ijyb
D:5:      temple_hall, first_ration
D:6:      led_sif_book, portal_sewer_entry_e, grunt_qazlal_clouds
D:7:      the_bakery
D:8:      serial_shops, nicolae_shop_overgrown_old_shop
D:9:      minmay_lair_entry_grove, orc_0_dummy, lemuel_angel_altar
Temple:   nicolae_temple_the_god_donut
Sewer:    sewer_co_tree

Skill      XL: |  1  2  3  4  5  6  7  8  9 10 11 |
---------------+----------------------------------+-----
Dodging        | 3 4 5 6 7 |  7.8
Unarmed Combat | 4 5 6 7 9 10 11 12 | 12.4
Fighting       | 4 5 6 7 8 9 |  9.3
Armour         | 2 3 |  3.0
Invocations    | 1 3 5 |  5.0
Shields        | 2 3 |  3.9
Stealth        | |  2.1

Action                   |  1- 3 |  4- 6 |  7- 9 | 10-12 || total
-------------------------+-------+-------+-------+-------++-------
Melee: Unarmed           |   104 |   184 |   502 |   264 ||  1054
       Punch             |     2 |     3 |    13 |     4 ||    22
Throw: Stone             |       |    10 |    13 |     8 ||    31
       Throwing net      |       |     1 |       |       ||     1
       Tomahawk          |       |       |       |    10 ||    10
Invok: Heroism           |       |       |     1 |     6 ||     7
       Finesse           |       |       |       |     1 ||     1
Evoke: Wand              |       |       |     2 |       ||     2
  Use: Scroll            |       |     6 |     7 |     1 ||    14
       Potion            |       |     1 |       |       ||     1
 Stab: Sleeping          |       |     1 |       |       ||     1
  Eat: Chunk             |    15 |    35 |    84 |    65 ||   199
       Ration            |       |       |     2 |       ||     2
Armor: Ring mail         |    35 |    42 |    19 |       ||    96
       Chain mail        |       |       |   183 |       ||   183
       Plate armour      |       |       |    52 |   134 ||   186
Dodge: Dodged            |    66 |   113 |   224 |   109 ||   512
Block: Buckler           |       |       |       |    49 ||    49

Table legend:
 A = Spawn XP
 B = Non-spawn XP
 C = Spawn XP percentage of total XP
 D = Spawn monster count
 E = Non-spawn monster count
 F = Spawn count percentage of total count
 G = Total turns spent on level
                    A         B        C        D         E        F      G
               +---------+---------+-------+---------+---------+-------+---------
         Total |       0 |   13060 |   0.0 |       0 |     264 |   0.0 |  8402
               +---------+---------+-------+---------+---------+-------+---------
           D:1 |       0 |      76 |   0.0 |       0 |      26 |   0.0 |  1311
           D:2 |       0 |     163 |   0.0 |       0 |      30 |   0.0 |   656
           D:3 |       0 |     119 |   0.0 |       0 |      19 |   0.0 |   798
           D:4 |       0 |    1072 |   0.0 |       0 |      29 |   0.0 |  1050
           D:5 |       0 |     803 |   0.0 |       0 |      20 |   0.0 |   783
           D:6 |       0 |     860 |   0.0 |       0 |      29 |   0.0 |   782
           D:7 |       0 |    1153 |   0.0 |       0 |      19 |   0.0 |   600
           D:8 |       0 |    2799 |   0.0 |       0 |      32 |   0.0 |   806
           D:9 |       0 |    5502 |   0.0 |       0 |      32 |   0.0 |   961
         Sewer |       0 |     513 |   0.0 |       0 |      28 |   0.0 |   610
               +---------+---------+-------+---------+---------+-------+---------
